[ AOE2 MATCH · #474925686 ]
UnrankedBerbers vs Teutons
[ REPLAY ANALYSIS · EXTRACTED FROM THE RECORDED GAME ]
Feudal
11:00
Castle
14:51
Imperial
27:29
| APM avg | 30.9 |
| APM peak | 58 |
| eAPM avg | 20.8 |
| Villagers / military | 172 / 311 |
Focus
⚔️ 25.5% · 🌾 74.5%
Camel Scout ×173 · Knight ×57 · Hand Cannoneer ×55 · Trade Cart ×34 · Bombard Cannon ×26
Feudal
10:55
Castle
14:36
Imperial
29:46
| APM avg | 39.4 |
| APM peak | 80 |
| eAPM avg | 29.3 |
| Villagers / military | 218 / 669 |
Focus
⚔️ 45.6% · 🌾 54.4%
Scout Cavalry ×436 · Archer ×168 · Battering Ram ×54 · Trebuchet (Packed) ×8 · Monk ×3
Feudal
10:40
Castle
14:11
Imperial
29:50
| APM avg | 36.9 |
| APM peak | 113 |
| eAPM avg | 26.8 |
| Villagers / military | 269 / 859 |
Focus
⚔️ 34.1% · 🌾 65.9%
Militia ×859 · Trade Cart ×104
Feudal
11:23
Castle
20:09
Imperial
26:52
| APM avg | 29.1 |
| APM peak | 144 |
| eAPM avg | 20.7 |
| Villagers / military | 139 / 289 |
Focus
⚔️ 35.5% · 🌾 64.5%
Spearman ×227 · Trade Cart ×59 · Cataphract ×58 · Monk ×2 · Camel Scout ×2
Feudal
—
Castle
—
Imperial
—
| APM avg | 979.9 |
| APM peak | 10092 |
| eAPM avg | 978.5 |
| Villagers / military | 0 / 190 |
Focus
⚔️ 67.1% · 🌾 32.9%
Spearman ×67 · Skirmisher ×58 · Hand Cannoneer ×33 · Knight ×23 · Monk ×6 · Battering Ram ×3
Feudal
—
Castle
—
Imperial
—
| APM avg | 930.7 |
| APM peak | 8044 |
| eAPM avg | 928.9 |
| Villagers / military | 0 / 353 |
Focus
⚔️ 68.4% · 🌾 31.6%
Spearman ×139 · Hand Cannoneer ×80 · Knight ×49 · Skirmisher ×42 · Battering Ram ×24 · Monk ×6
Feudal
—
Castle
—
Imperial
—
| APM avg | 1191.5 |
| APM peak | 12524 |
| eAPM avg | 1190.9 |
| Villagers / military | 0 / 954 |
Focus
⚔️ 60.2% · 🌾 39.8%
Spearman ×421 · Urumi Swordsman ×303 · Hand Cannoneer ×97 · Scout Cavalry ×88 · Skirmisher ×18 · Monk ×7
Feudal
—
Castle
—
Imperial
—
| APM avg | 734.2 |
| APM peak | 4207 |
| eAPM avg | 733.9 |
| Villagers / military | 0 / 142 |
Focus
⚔️ 56.3% · 🌾 43.7%
Knight ×42 · Skirmisher ×26 · Scout Cavalry ×26 · Spearman ×14 · Monk ×8 · Hand Cannoneer ×8
Match map
Initial resources + every placement click. Lines = walls · curves = elevation contours. ◆ gold · ⬟ stone · ● berries · ✦ relic · ◌ wall gap
Your base· ✓ Closed at 14:51 · 0t walls · 2 gate(s)
波瀾王's base· ✓ Closed at 14:36 · 0t walls · 2 gate(s)
About 130 points's base· ✓ Closed at 14:11 · 0t walls · 3 gate(s)
pLs aN F1 mE bRo's base· ✓ Closed at 20:09 · 109t walls · 3 gate(s)
's base· ✓ Closed at 12:00 · 0t walls · 3 gate(s)
's base· ✓ Closed at 12:00 · 0t walls · 2 gate(s)
's base· ✓ Closed at 12:00 · 0t walls · 3 gate(s)
's base· ✓ Closed at 12:00 · 0t walls · 2 gate(s)
Smoothed initial terrain · ◌ = detected wall gap · hover for details
Inputs per minute
— Patrick02e19 - - 波瀾王
Build order — Patrick02e19
First 150 of 480 actions detected
| 0:01 | Queue | Villager (Male) ×4 |
| 0:03 | Build | House |
| 0:05 | Build | House |
| 0:06 | Build | House |
| 1:17 | Queue | Villager (Male) |
| 1:45 | Queue | Villager (Male) |
| 2:23 | Build | Lumber Camp |
| 2:24 | Queue | Villager (Male) |
| 2:42 | Queue | Villager (Male) |
| 3:00 | Queue | Villager (Male) |
| 3:16 | Queue | Villager (Male) |
| 3:37 | Queue | Villager (Male) |
| 4:01 | Build | House |
| 4:05 | Queue | Villager (Male) |
| 4:15 | Queue | Villager (Male) |
| 4:33 | Queue | Villager (Male) |
| 5:00 | Queue | Villager (Male) |
| 5:10 | Queue | Villager (Male) |
| 5:33 | Build | Mill |
| 5:50 | Queue | Villager (Male) |
| 6:21 | Queue | Villager (Male) |
| 6:21 | Queue | Villager (Male) |
| 7:09 | Queue | Villager (Male) |
| 7:09 | Queue | Villager (Male) |
| 8:03 | Build | Farm |
| 8:06 | Build | Farm |
| 8:28 | Research | Feudal Age |
| 8:45 | Queue | Villager (Male) |
| 8:47 | Queue | Villager (Male) |
| 8:54 | Build | House |
| 9:00 | Build | Farm |
| 9:38 | Build | Farm |
| 11:00 | Age | Feudal Age |
| 11:03 | Build | Blacksmith |
| 11:05 | Build | Market |
| 11:09 | Build | House |
| 11:10 | Build | House |
| 11:18 | Research | Double-Bit Axe |
| 12:11 | Research | Castle Age |
| 12:24 | Research | Horse Collar |
| 12:40 | Build | Farm |
| 13:11 | Build | Farm |
| 13:24 | Queue | Villager (Male) |
| 13:24 | Queue | Villager (Male) |
| 13:32 | Build | Farm |
| 14:36 | Build | Farm |
| 14:51 | Age | Castle Age |
| 14:58 | Build | Town Center |
| 15:06 | Build | Town Center |
| 15:20 | Research | Bow Saw |
| 15:22 | Queue | Villager (Male) |
| 15:22 | Research | Wheelbarrow |
| 15:29 | Build | Farm |
| 15:42 | Build | Farm |
| 15:51 | Queue | Villager (Male) |
| 15:59 | Build | Farm |
| 16:14 | Queue | Villager (Male) |
| 16:14 | Queue | Villager (Male) |
| 16:17 | Queue | Villager (Male) |
| 16:17 | Queue | Villager (Male) |
| 16:20 | Build | Farm |
| 16:36 | Build | Farm |
| 16:42 | Queue | Villager (Male) |
| 16:44 | Queue | Villager (Male) |
| 16:49 | Build | Farm |
| 16:54 | Build | Farm |
| 17:04 | Build | Farm |
| 17:08 | Queue | Villager (Male) |
| 17:08 | Queue | Villager (Male) |
| 17:14 | Build | Farm |
| 17:22 | Build | Farm |
| 17:25 | Queue | Villager (Male) |
| 17:34 | Build | Farm |
| 17:41 | Queue | Villager (Male) |
| 17:41 | Queue | Villager (Male) |
| 17:58 | Queue | Villager (Male) |
| 18:03 | Queue | Villager (Male) |
| 18:15 | Queue | Villager (Male) |
| 18:16 | Queue | Villager (Male) |
| 18:17 | Queue | Villager (Male) |
| 18:24 | Build | House |
| 18:28 | Build | Town Center |
| 18:41 | Queue | Villager (Male) |
| 18:41 | Queue | Villager (Male) |
| 18:45 | Build | Farm |
| 18:48 | Build | Farm |
| 18:53 | Build | Farm |
| 19:02 | Build | House |
| 19:03 | Build | House |
| 19:04 | Queue | Villager (Male) |
| 19:04 | Queue | Villager (Male) |
| 19:05 | Queue | Villager (Male) |
| 19:13 | Build | Farm |
| 19:21 | Queue | Villager (Male) |
| 19:22 | Queue | Villager (Male) |
| 19:32 | Build | Farm |
| 19:37 | Build | Farm |
| 19:40 | Build | House |
| 19:44 | Queue | Villager (Male) |
| 19:45 | Queue | Villager (Male) |
| 19:45 | Queue | Villager (Male) |
| 19:55 | Build | Farm |
| 20:01 | Research | Loom |
| 20:02 | Queue | Villager (Male) |
| 20:03 | Queue | Villager (Male) |
| 20:05 | Queue | Villager (Male) |
| 20:05 | Queue | Villager (Male) |
| 20:12 | Queue | Villager (Male) |
| 20:26 | Build | Town Center |
| 20:30 | Queue | Villager (Male) |
| 20:31 | Queue | Villager (Male) |
| 20:31 | Queue | Villager (Male) |
| 20:33 | Queue | Villager (Male) |
| 20:36 | Build | Farm |
| 20:39 | Build | Farm |
| 20:42 | Build | Farm |
| 20:50 | Build | Farm |
| 20:50 | Queue | Villager (Male) |
| 20:51 | Queue | Villager (Male) |
| 20:51 | Queue | Villager (Male) |
| 20:57 | Build | House |
| 20:58 | Build | House |
| 20:59 | Build | House |
| 21:01 | Queue | Villager (Male) |
| 21:01 | Queue | Villager (Male) |
| 21:13 | Build | Farm |
| 21:14 | Build | Farm |
| 21:18 | Build | Farm |
| 21:19 | Queue | Villager (Male) |
| 21:21 | Queue | Villager (Male) |
| 21:22 | Queue | Villager (Male) |
| 21:23 | Queue | Villager (Male) |
| 21:28 | Build | House |
| 21:29 | Build | House |
| 21:36 | Build | Farm |
| 21:38 | Queue | Villager (Male) |
| 21:39 | Queue | Villager (Male) |
| 21:50 | Build | Farm |
| 21:55 | Build | Farm |
| 22:00 | Build | Farm |
| 22:02 | Build | Farm |
| 22:03 | Queue | Villager (Male) |
| 22:04 | Queue | Villager (Male) |
| 22:05 | Queue | Villager (Male) |
| 22:05 | Queue | Villager (Male) |
| 22:07 | Queue | Villager (Male) |
| 22:12 | Queue | Villager (Male) |
| 22:12 | Queue | Villager (Male) |
| 22:17 | Build | Farm |
| 22:18 | Build | Farm |
Build order — 波瀾王
First 150 of 894 actions detected
| 0:00 | Queue | Villager (Male) |
| 0:02 | Build | House |
| 0:04 | Build | House |
| 0:11 | Queue | Villager (Male) |
| 0:11 | Queue | Villager (Male) ×2 |
| 1:31 | Queue | Villager (Male) |
| 1:43 | Build | Lumber Camp |
| 2:03 | Queue | Villager (Male) |
| 2:14 | Queue | Villager (Male) |
| 2:51 | Queue | Villager (Male) |
| 2:51 | Queue | Villager (Male) |
| 3:32 | Build | House |
| 3:43 | Queue | Villager (Male) |
| 3:43 | Queue | Villager (Male) |
| 3:45 | Build | House |
| 4:16 | Queue | Villager (Male) |
| 4:19 | Build | Mill |
| 4:57 | Queue | Villager (Male) |
| 5:01 | Queue | Villager (Male) |
| 5:01 | Queue | Villager (Male) |
| 5:57 | Queue | Villager (Male) |
| 6:13 | Build | Mill |
| 6:29 | Queue | Villager (Male) |
| 6:45 | Queue | Villager (Male) |
| 6:46 | Queue | Villager (Male) |
| 6:59 | Queue | Villager (Male) |
| 6:59 | Queue | Villager (Male) |
| 7:00 | Queue | Villager (Male) |
| 7:00 | Queue | Villager (Male) |
| 7:57 | Build | Mining Camp |
| 8:23 | Research | Feudal Age |
| 8:48 | Queue | Villager (Male) |
| 8:48 | Research | Loom |
| 8:55 | Build | House |
| 10:55 | Age | Feudal Age |
| 10:57 | Build | Market |
| 10:57 | Research | Double-Bit Axe |
| 11:00 | Build | Blacksmith |
| 11:56 | Research | Castle Age |
| 12:21 | Build | House |
| 12:46 | Queue | Villager (Male) |
| 12:46 | Queue | Villager (Male) |
| 13:57 | Research | Horse Collar |
| 14:36 | Age | Castle Age |
| 14:37 | Research | Bow Saw |
| 14:40 | Build | Town Center |
| 14:47 | Build | Monastery |
| 14:53 | Build | Town Center |
| 15:08 | Research | Heavy Plow |
| 15:23 | Queue | Villager (Male) |
| 15:27 | Queue | Monk |
| 15:28 | Queue | Monk |
| 15:47 | Queue | Villager (Male) |
| 15:51 | Build | Farm |
| 15:52 | Build | Farm |
| 15:53 | Build | Farm |
| 15:53 | Build | Farm |
| 15:55 | Build | Farm |
| 15:56 | Build | Farm |
| 16:07 | Queue | Villager (Male) |
| 16:17 | Build | Farm |
| 16:38 | Queue | Villager (Male) |
| 16:41 | Build | Farm |
| 16:45 | Build | Farm |
| 16:46 | Build | Farm |
| 16:53 | Queue | Villager (Male) |
| 16:58 | Build | Farm |
| 17:04 | Build | Farm |
| 17:08 | Queue | Villager (Male) |
| 17:18 | Queue | Villager (Male) |
| 17:38 | Queue | Villager (Male) |
| 17:39 | Queue | Villager (Male) |
| 17:40 | Build | Farm |
| 17:42 | Build | Farm |
| 17:43 | Build | Farm |
| 17:45 | Build | Farm |
| 17:49 | Queue | Villager (Male) |
| 17:56 | Build | House |
| 17:56 | Build | House |
| 17:57 | Queue | Villager (Male) |
| 17:59 | Build | Farm |
| 18:10 | Queue | Villager (Male) |
| 18:11 | Queue | Villager (Male) |
| 18:21 | Queue | Villager (Male) |
| 18:33 | Queue | Villager (Male) |
| 18:33 | Queue | Villager (Male) |
| 18:41 | Queue | Villager (Male) |
| 18:55 | Queue | Villager (Male) |
| 18:55 | Queue | Villager (Male) |
| 18:56 | Build | Farm |
| 19:04 | Build | Farm |
| 19:05 | Build | Farm |
| 19:05 | Build | Farm |
| 19:07 | Build | Farm |
| 19:08 | Build | Farm |
| 19:13 | Build | Farm |
| 19:14 | Queue | Villager (Male) |
| 19:14 | Queue | Villager (Male) |
| 19:16 | Build | House |
| 19:16 | Build | House |
| 19:23 | Queue | Villager (Male) |
| 19:28 | Queue | Villager (Male) |
| 19:35 | Build | House |
| 19:35 | Build | House |
| 19:37 | Queue | Villager (Male) |
| 19:43 | Queue | Villager (Male) |
| 19:53 | Queue | Villager (Male) |
| 20:00 | Queue | Monk |
| 20:07 | Queue | Villager (Male) |
| 20:09 | Queue | Villager (Male) |
| 20:13 | Queue | Villager (Male) |
| 20:16 | Queue | Villager (Male) |
| 20:20 | Build | Town Center |
| 20:27 | Build | Farm |
| 20:29 | Queue | Villager (Male) |
| 20:31 | Queue | Villager (Male) |
| 20:40 | Queue | Villager (Male) |
| 20:42 | Build | House |
| 20:42 | Build | House |
| 20:43 | Build | House |
| 20:44 | Queue | Villager (Male) |
| 20:54 | Build | Farm |
| 21:00 | Queue | Villager (Male) |
| 21:08 | Queue | Villager (Male) |
| 21:12 | Queue | Villager (Male) |
| 21:31 | Build | Town Center |
| 21:34 | Research | Wheelbarrow |
| 21:35 | Queue | Villager (Male) |
| 21:41 | Build | House |
| 21:43 | Queue | Villager (Male) |
| 21:49 | Queue | Villager (Male) |
| 21:50 | Queue | Villager (Male) |
| 21:57 | Build | Farm |
| 21:58 | Build | Farm |
| 21:59 | Build | Farm |
| 22:01 | Build | Farm |
| 22:05 | Queue | Villager (Male) |
| 22:12 | Research | Fervor |
| 22:13 | Queue | Villager (Male) |
| 22:15 | Build | House |
| 22:15 | Build | House |
| 22:16 | Build | House |
| 22:18 | Queue | Villager (Male) |
| 22:29 | Build | Farm |
| 22:30 | Queue | Villager (Male) |
| 22:33 | Build | Farm |
| 22:35 | Build | Farm |
| 22:37 | Queue | Villager (Male) |
| 22:52 | Queue | Villager (Male) |
| 22:54 | Queue | Villager (Male) |
Build order — About 130 points
First 150 of 783 actions detected
| 0:03 | Queue | Villager (Male) ×4 |
| 0:05 | Build | House |
| 0:07 | Build | House |
| 0:09 | Build | House |
| 1:34 | Queue | Villager (Male) |
| 1:34 | Queue | Villager (Male) |
| 2:04 | Queue | Villager (Male) |
| 2:05 | Queue | Villager (Male) |
| 2:18 | Build | Lumber Camp |
| 2:27 | Queue | Villager (Male) |
| 2:27 | Queue | Villager (Male) |
| 3:05 | Queue | Villager (Male) |
| 3:05 | Queue | Villager (Male) |
| 3:19 | Queue | Villager (Male) |
| 3:49 | Queue | Villager (Male) |
| 3:49 | Queue | Villager (Male) |
| 4:00 | Queue | Villager (Male) |
| 4:31 | Build | Mill |
| 4:43 | Queue | Villager (Male) ×2 |
| 5:27 | Queue | Villager (Male) ×2 |
| 5:38 | Build | House |
| 5:41 | Queue | Villager (Male) |
| 5:41 | Queue | Villager (Male) |
| 6:11 | Queue | Villager (Male) ×2 |
| 6:29 | Queue | Villager (Male) |
| 6:43 | Queue | Villager (Male) |
| 6:48 | Build | Farm |
| 6:52 | Build | Farm |
| 7:10 | Queue | Villager (Male) |
| 7:10 | Queue | Villager (Male) |
| 7:35 | Queue | Villager (Male) ×4 |
| 7:52 | Queue | Villager (Male) ×3 |
| 8:22 | Research | Feudal Age |
| 8:29 | Build | House |
| 9:02 | Queue | Villager (Male) |
| 9:03 | Queue | Villager (Male) |
| 10:40 | Age | Feudal Age |
| 10:47 | Build | Market |
| 10:53 | Build | Blacksmith |
| 11:31 | Research | Castle Age |
| 11:31 | Research | Castle Age |
| 11:51 | Research | Double-Bit Axe |
| 11:51 | Research | Double-Bit Axe |
| 12:19 | Research | Horse Collar |
| 12:55 | Build | House |
| 12:57 | Build | House |
| 13:07 | Build | Farm |
| 13:12 | Build | Farm |
| 13:16 | Build | Farm |
| 13:21 | Build | Farm |
| 13:23 | Queue | Villager (Male) |
| 13:25 | Queue | Villager (Male) |
| 14:11 | Age | Castle Age |
| 14:15 | Build | Town Center |
| 14:20 | Build | Town Center |
| 14:32 | Research | Bow Saw |
| 14:33 | Research | Bow Saw |
| 15:03 | Queue | Villager (Male) |
| 15:07 | Build | Farm |
| 15:12 | Build | Farm |
| 15:13 | Queue | Villager (Male) |
| 15:30 | Research | Heavy Plow |
| 15:30 | Research | Heavy Plow |
| 15:41 | Queue | Villager (Male) |
| 15:49 | Queue | Villager (Male) |
| 15:50 | Queue | Villager (Male) |
| 15:55 | Build | Farm |
| 16:04 | Build | House |
| 16:13 | Queue | Villager (Male) |
| 16:20 | Build | Farm |
| 16:22 | Queue | Villager (Male) |
| 16:22 | Queue | Villager (Male) |
| 16:25 | Build | Farm |
| 16:34 | Build | Farm |
| 16:35 | Queue | Villager (Male) |
| 16:37 | Build | Farm |
| 16:46 | Build | Farm |
| 16:55 | Build | Farm |
| 17:05 | Build | Farm |
| 17:07 | Queue | Villager (Male) |
| 17:07 | Queue | Villager (Male) |
| 17:13 | Queue | Villager (Male) |
| 17:17 | Build | Farm |
| 17:24 | Build | Farm |
| 17:26 | Queue | Villager (Male) |
| 17:26 | Queue | Villager (Male) |
| 17:30 | Build | Farm |
| 17:32 | Queue | Villager (Male) |
| 17:32 | Queue | Villager (Male) |
| 17:48 | Queue | Villager (Male) |
| 17:48 | Queue | Villager (Male) |
| 17:57 | Queue | Villager (Male) |
| 17:57 | Queue | Villager (Male) |
| 18:02 | Queue | Villager (Male) |
| 18:10 | Build | Town Center |
| 18:11 | Queue | Villager (Male) |
| 18:15 | Queue | Villager (Male) |
| 18:15 | Queue | Villager (Male) |
| 18:22 | Queue | Villager (Male) |
| 18:31 | Queue | Villager (Male) |
| 18:45 | Queue | Villager (Male) ×2 |
| 18:46 | Queue | Villager (Male) ×2 |
| 18:52 | Build | Town Center |
| 18:53 | Queue | Villager (Male) |
| 18:59 | Build | House |
| 19:00 | Queue | Villager (Male) |
| 19:07 | Queue | Villager (Male) |
| 19:10 | Queue | Villager (Male) |
| 19:10 | Queue | Villager (Male) |
| 19:16 | Queue | Villager (Male) |
| 19:17 | Queue | Villager (Male) |
| 19:25 | Build | Farm |
| 19:28 | Build | Farm |
| 19:31 | Queue | Villager (Male) |
| 19:31 | Queue | Villager (Male) |
| 19:33 | Queue | Villager (Male) |
| 19:33 | Queue | Villager (Male) |
| 19:36 | Build | House |
| 19:42 | Build | Farm |
| 19:43 | Queue | Villager (Male) |
| 19:50 | Build | Farm |
| 19:51 | Queue | Villager (Male) ×2 |
| 19:54 | Build | Farm |
| 20:01 | Build | Farm |
| 20:03 | Queue | Villager (Male) |
| 20:10 | Queue | Villager (Male) |
| 20:11 | Build | Farm |
| 20:12 | Build | Farm |
| 20:14 | Build | Farm |
| 20:17 | Build | Farm |
| 20:18 | Queue | Villager (Male) |
| 20:19 | Queue | Villager (Male) |
| 20:23 | Build | Farm |
| 20:27 | Build | House |
| 20:28 | Queue | Villager (Male) ×2 |
| 20:37 | Queue | Villager (Male) |
| 20:38 | Queue | Villager (Male) |
| 20:45 | Queue | Villager (Male) |
| 20:50 | Queue | Villager (Male) |
| 20:51 | Queue | Villager (Male) |
| 20:51 | Queue | Villager (Male) |
| 20:56 | Build | Town Center |
| 20:58 | Queue | Villager (Male) |
| 20:58 | Queue | Villager (Male) |
| 21:03 | Queue | Villager (Male) |
| 21:09 | Queue | Villager (Male) |
| 21:10 | Queue | Villager (Male) |
| 21:10 | Queue | Villager (Male) |
| 21:13 | Build | House |
| 21:17 | Queue | Villager (Male) |
Build order — pLs aN F1 mE bRo
First 150 of 407 actions detected
| 0:01 | Queue | Villager (Male) ×4 |
| 0:03 | Build | House |
| 0:05 | Build | House |
| 1:29 | Queue | Villager (Male) |
| 1:44 | Build | Lumber Camp |
| 2:05 | Queue | Villager (Male) ×2 |
| 2:54 | Queue | Villager (Male) |
| 2:56 | Queue | Villager (Male) |
| 3:03 | Build | House |
| 3:04 | Build | House |
| 3:36 | Queue | Villager (Male) |
| 3:59 | Queue | Villager (Male) |
| 4:33 | Queue | Villager (Male) ×2 |
| 4:49 | Build | Mill |
| 5:16 | Queue | Villager (Male) |
| 5:28 | Queue | Villager (Male) |
| 5:43 | Queue | Villager (Male) |
| 6:39 | Build | House |
| 6:40 | Build | House |
| 6:41 | Build | House |
| 6:43 | Queue | Villager (Male) |
| 6:43 | Queue | Villager (Male) |
| 6:47 | Build | Mining Camp |
| 7:32 | Queue | Villager (Male) |
| 7:51 | Queue | Villager (Male) |
| 7:52 | Queue | Villager (Male) |
| 8:20 | Build | House |
| 8:20 | Build | House |
| 8:34 | Queue | Villager (Male) |
| 9:13 | Research | Feudal Age |
| 9:18 | Build | Mining Camp |
| 9:44 | Queue | Villager (Male) |
| 9:44 | Queue | Villager (Male) |
| 9:45 | Research | Loom |
| 9:48 | Queue | Villager (Male) |
| 9:48 | Queue | Villager (Male) |
| 10:17 | Build | Farm |
| 10:20 | Build | Farm |
| 11:23 | Age | Feudal Age |
| 11:47 | Build | Blacksmith |
| 11:51 | Build | Market |
| 12:04 | Research | Double-Bit Axe |
| 12:06 | Research | Stone Mining |
| 12:10 | Research | Horse Collar |
| 12:33 | Queue | Villager (Male) |
| 12:33 | Queue | Villager (Male) |
| 12:42 | Build | Farm |
| 12:55 | Build | Stone Wall |
| 13:07 | Build | Stone Wall |
| 13:12 | Queue | Villager (Male) |
| 13:13 | Queue | Villager (Male) |
| 13:15 | Build | Farm |
| 13:18 | Build | Farm |
| 13:27 | Build | Farm |
| 13:57 | Build | Stone Wall |
| 14:07 | Build | Farm |
| 14:10 | Build | Farm |
| 14:34 | Queue | Villager (Male) |
| 14:34 | Queue | Villager (Male) |
| 14:44 | Build | Stone Wall |
| 15:00 | Build | Farm |
| 15:00 | Build | Farm |
| 15:03 | Build | Farm |
| 15:05 | Queue | Villager (Male) |
| 15:41 | Build | Mill |
| 15:42 | Build | Farm |
| 15:42 | Build | Farm |
| 15:42 | Build | Farm |
| 15:42 | Build | Farm |
| 15:47 | Queue | Villager (Male) |
| 15:47 | Queue | Villager (Male) |
| 15:53 | Build | Stone Wall |
| 16:17 | Build | Farm |
| 16:30 | Build | Stone Wall |
| 16:33 | Queue | Villager (Male) |
| 16:46 | Build | Stone Wall |
| 16:47 | Build | Stone Wall |
| 16:48 | Build | Stone Wall |
| 16:51 | Queue | Villager (Male) |
| 17:05 | Build | House |
| 17:06 | Build | House |
| 17:07 | Build | House |
| 17:08 | Build | House |
| 17:09 | Build | House |
| 17:11 | Research | Castle Age |
| 17:22 | Build | Stone Wall |
| 17:32 | Queue | Villager (Male) |
| 17:32 | Queue | Villager (Male) |
| 18:26 | Research | Wheelbarrow |
| 18:28 | Build | Farm |
| 18:39 | Research | Gold Mining |
| 18:44 | Build | Stone Wall |
| 18:45 | Build | Stone Wall |
| 18:46 | Build | Stone Wall |
| 18:52 | Build | Stone Wall |
| 18:53 | Build | Stone Wall |
| 18:54 | Build | Stone Wall |
| 19:11 | Build | Stone Wall |
| 19:37 | Build | Stone Wall |
| 19:42 | Build | House |
| 19:44 | Build | House |
| 20:09 | Age | Castle Age |
| 20:11 | Build | University |
| 20:27 | Queue | Villager (Male) |
| 20:27 | Queue | Villager (Male) |
| 20:52 | Build | Stone Wall |
| 20:56 | Build | Stone Wall |
| 21:00 | Research | Fortified Wall (upgrade) |
| 21:19 | Build | Stone Wall |
| 21:46 | Build | Stone Wall |
| 21:48 | Queue | Villager (Male) |
| 21:48 | Queue | Villager (Male) |
| 22:20 | Research | Hand Cart |
| 22:28 | Build | Stone Wall |
| 22:54 | Build | Monastery |
| 23:40 | Research | Imperial Age |
| 24:13 | Build | Stone Wall |
| 24:22 | Build | Mining Camp |
| 24:30 | Research | Hand Cart |
| 24:37 | Queue | Monk |
| 24:53 | Build | Stone Wall |
| 25:01 | Research | Treadmill Crane |
| 25:32 | Build | Lumber Camp |
| 25:34 | Research | Bow Saw |
| 26:52 | Age | Imperial Age |
| 26:58 | Queue | Villager (Male) ×5 |
| 27:18 | Build | Mill |
| 27:31 | Build | Mining Camp |
| 27:43 | Research | Forging |
| 27:44 | Research | Scale Barding Armor |
| 27:55 | Research | Heavy Plow |
| 28:24 | Build | Stone Wall |
| 28:28 | Build | Farm |
| 29:18 | Research | Two-Man Saw |
| 29:29 | Build | Town Center |
| 29:42 | Research | Devotion |
| 29:54 | Build | Stone Wall |
| 30:03 | Build | Farm |
| 30:31 | Build | Stone Wall |
| 30:54 | Build | Stone Wall |
| 31:32 | Research | Illumination |
| 31:53 | Build | Stone Wall |
| 32:28 | Build | Monastery |
| 32:30 | Queue | Villager (Male) ×5 |
| 32:35 | Build | Town Center |
| 32:54 | Research | Chemistry |
| 32:55 | Research | Ballistics |
| 32:56 | Research | Fletching |
| 33:00 | Build | Farm |
| 33:15 | Build | Castle |
Build order —
First 150 of 513 actions detected
| 0:00 | Build | House |
| 0:03 | Build | House |
| 1:41 | Build | Lumber Camp |
| 3:46 | Build | House |
| 4:08 | Build | Mill |
| 4:30 | Build | Lumber Camp |
| 5:51 | Research | Tech None |
| 5:51 | Build | House |
| 7:02 | Build | Mining Camp |
| 7:15 | Build | Farm |
| 7:27 | Build | Farm |
| 7:27 | Build | Farm |
| 7:31 | Build | Farm |
| 7:32 | Build | Farm |
| 8:21 | Build | House |
| 8:50 | Build | Lumber Camp |
| 9:30 | Build | Lumber Camp |
| 9:34 | Research | Tech None |
| 10:11 | Build | Lumber Camp |
| 10:46 | Build | Lumber Camp |
| 10:48 | Build | Lumber Camp |
| 10:49 | Build | Lumber Camp |
| 10:50 | Build | Lumber Camp |
| 11:30 | Build | Lumber Camp |
| 11:31 | Build | Lumber Camp |
| 11:33 | Build | Lumber Camp |
| 11:35 | Build | Lumber Camp |
| 11:37 | Build | Lumber Camp |
| 11:38 | Build | Lumber Camp |
| 11:40 | Build | Lumber Camp |
| 11:41 | Build | Lumber Camp |
| 11:43 | Build | Lumber Camp |
| 11:45 | Build | Lumber Camp |
| 11:46 | Build | Market |
| 11:47 | Research | Tech None |
| 11:49 | Research | Tech None |
| 12:12 | Build | House |
| 12:16 | Build | Blacksmith |
| 12:28 | Build | Farm |
| 12:37 | Build | Farm |
| 12:56 | Build | Farm |
| 13:02 | Research | Tech None |
| 13:02 | Build | House |
| 14:10 | Build | Farm |
| 14:16 | Build | Farm |
| 14:23 | Build | Farm |
| 14:49 | Build | Farm |
| 15:43 | Research | Tech None |
| 15:43 | Build | Town Center |
| 15:44 | Research | Tech None |
| 15:44 | Build | Town Center |
| 15:54 | Build | Town Center |
| 16:32 | Research | Tech None |
| 16:36 | Build | House |
| 16:50 | Build | House |
| 16:57 | Build | Farm |
| 17:05 | Build | Farm |
| 17:15 | Build | Farm |
| 17:22 | Build | Farm |
| 17:34 | Build | Farm |
| 17:43 | Build | Farm |
| 17:49 | Build | Farm |
| 17:57 | Build | Farm |
| 18:08 | Research | Tech None |
| 18:15 | Build | Farm |
| 18:17 | Build | Farm |
| 18:31 | Build | Farm |
| 18:36 | Build | Farm |
| 18:45 | Build | Farm |
| 19:03 | Build | Farm |
| 19:03 | Build | Monastery |
| 19:03 | Build | Monastery |
| 19:21 | Build | Farm |
| 19:21 | Build | House |
| 19:45 | Build | Farm |
| 19:46 | Build | House |
| 19:53 | Research | Tech None |
| 19:54 | Build | Farm |
| 20:01 | Build | House |
| 20:11 | Build | Farm |
| 20:24 | Build | Barracks |
| 20:36 | Build | Farm |
| 21:01 | Build | Farm |
| 21:14 | Build | Lumber Camp |
| 21:16 | Build | Farm |
| 21:39 | Build | Siege Workshop |
| 21:42 | Build | House |
| 21:44 | Build | Farm |
| 21:45 | Build | House |
| 21:52 | Build | Farm |
| 22:00 | Research | Tech None |
| 22:03 | Build | Stable |
| 22:07 | Build | Farm |
| 22:12 | Build | House |
| 22:16 | Build | House |
| 22:21 | Build | Mining Camp |
| 22:28 | Build | Farm |
| 22:39 | Build | Mill |
| 22:41 | Build | Farm |
| 22:56 | Build | Farm |
| 23:13 | Build | Mining Camp |
| 23:19 | Research | Tech None |
| 23:19 | Build | Farm |
| 23:19 | Build | House |
| 23:20 | Research | Tech None |
| 23:27 | Research | Tech None |
| 23:31 | Research | Tech None |
| 23:32 | Build | House |
| 23:34 | Build | House |
| 23:50 | Build | House |
| 23:55 | Build | House |
| 24:03 | Build | Mining Camp |
| 24:18 | Research | Tech None |
| 24:18 | Build | Stable |
| 24:31 | Build | Barracks |
| 24:47 | Build | Farm |
| 24:54 | Build | University |
| 25:01 | Build | Barracks |
| 25:10 | Queue | Knight |
| 25:12 | Build | Farm |
| 25:15 | Build | Lumber Camp |
| 25:18 | Build | Farm |
| 25:22 | Research | Tech None |
| 25:31 | Build | University |
| 25:36 | Build | House |
| 25:38 | Build | House |
| 25:39 | Build | House |
| 25:50 | Build | University |
| 26:00 | Build | Stable |
| 26:07 | Build | House |
| 26:12 | Research | Tech None |
| 26:13 | Build | Barracks |
| 26:34 | Research | Tech None |
| 26:37 | Build | Barracks |
| 26:49 | Queue | Battering Ram |
| 26:50 | Research | Tech None |
| 27:04 | Research | Tech None |
| 27:07 | Build | Stable |
| 27:20 | Build | Stable |
| 27:28 | Research | Tech None |
| 27:33 | Queue | Knight |
| 27:36 | Build | Farm |
| 27:41 | Build | Stable |
| 27:43 | Queue | Knight |
| 27:46 | Build | Farm |
| 27:46 | Build | House |
| 27:47 | Build | House |
| 27:49 | Build | House |
| 27:57 | Build | University |
| 28:10 | Build | Farm |
Build order —
First 150 of 802 actions detected
| 0:00 | Build | House |
| 0:03 | Build | House |
| 1:41 | Build | Lumber Camp |
| 3:42 | Build | Mill |
| 3:46 | Build | House |
| 4:08 | Build | Lumber Camp |
| 5:51 | Research | Tech None |
| 5:51 | Build | House |
| 6:50 | Build | Mining Camp |
| 7:31 | Build | Farm |
| 7:31 | Build | Farm |
| 8:01 | Build | Lumber Camp |
| 8:02 | Build | Farm |
| 8:21 | Build | House |
| 9:05 | Research | Tech None |
| 9:06 | Build | Lumber Camp |
| 9:43 | Build | Lumber Camp |
| 10:25 | Build | Lumber Camp |
| 10:26 | Build | Lumber Camp |
| 11:10 | Build | Lumber Camp |
| 11:11 | Build | Lumber Camp |
| 11:13 | Build | Lumber Camp |
| 11:21 | Build | Market |
| 11:21 | Research | Tech None |
| 11:45 | Research | Tech None |
| 12:25 | Build | House |
| 12:34 | Build | Blacksmith |
| 12:42 | Build | Farm |
| 12:58 | Build | Farm |
| 13:17 | Build | Farm |
| 13:28 | Research | Tech None |
| 13:28 | Build | House |
| 13:35 | Build | Farm |
| 13:55 | Build | Farm |
| 14:48 | Build | Farm |
| 14:57 | Build | Farm |
| 14:59 | Build | Farm |
| 15:05 | Build | Farm |
| 15:12 | Build | Farm |
| 15:21 | Build | Farm |
| 16:08 | Research | Tech None |
| 16:09 | Research | Tech None |
| 16:09 | Build | Town Center |
| 16:12 | Build | Town Center |
| 16:23 | Build | House |
| 16:30 | Build | House |
| 16:32 | Build | Farm |
| 16:36 | Build | Farm |
| 16:55 | Build | House |
| 17:27 | Build | Town Center |
| 17:43 | Build | Farm |
| 18:03 | Build | Farm |
| 18:12 | Build | Farm |
| 18:18 | Build | Farm |
| 18:28 | Build | Farm |
| 18:40 | Build | Farm |
| 18:43 | Build | Farm |
| 19:01 | Build | Farm |
| 19:08 | Build | Farm |
| 19:11 | Build | Lumber Camp |
| 19:38 | Build | Farm |
| 19:43 | Build | Farm |
| 19:48 | Build | Farm |
| 19:51 | Research | Tech None |
| 19:53 | Build | Farm |
| 20:01 | Build | Farm |
| 20:08 | Build | Farm |
| 20:18 | Build | Monastery |
| 20:24 | Build | Farm |
| 20:28 | Build | House |
| 20:29 | Build | House |
| 20:44 | Build | Siege Workshop |
| 20:46 | Build | Farm |
| 20:52 | Build | Farm |
| 21:12 | Build | Farm |
| 21:27 | Build | Siege Workshop |
| 21:34 | Build | Farm |
| 21:37 | Build | House |
| 21:42 | Build | House |
| 21:44 | Build | Farm |
| 21:45 | Build | Farm |
| 22:00 | Build | Farm |
| 22:07 | Build | Farm |
| 22:08 | Build | House |
| 22:15 | Build | House |
| 22:23 | Research | Tech None |
| 22:25 | Build | Mining Camp |
| 22:33 | Build | House |
| 22:43 | Build | Barracks |
| 22:46 | Build | Barracks |
| 22:54 | Build | Farm |
| 22:58 | Build | Farm |
| 22:59 | Build | Farm |
| 23:01 | Build | House |
| 23:14 | Build | Lumber Camp |
| 23:17 | Build | Farm |
| 23:24 | Build | Farm |
| 23:32 | Build | Mill |
| 23:35 | Build | House |
| 23:42 | Research | Tech None |
| 23:42 | Build | Farm |
| 23:43 | Build | House |
| 23:45 | Research | Tech None |
| 23:57 | Build | Farm |
| 23:58 | Research | Tech None |
| 24:00 | Build | Farm |
| 24:05 | Build | Farm |
| 24:13 | Build | Farm |
| 24:16 | Build | House |
| 24:18 | Build | House |
| 24:20 | Build | House |
| 24:31 | Research | Tech None |
| 24:31 | Build | Farm |
| 24:33 | Research | Tech None |
| 24:33 | Build | Mill |
| 24:39 | Build | Farm |
| 24:41 | Build | House |
| 24:46 | Build | Stable |
| 25:00 | Build | Barracks |
| 25:13 | Build | Stable |
| 25:22 | Build | Farm |
| 25:25 | Build | Stable |
| 25:30 | Build | Farm |
| 25:46 | Research | Tech None |
| 25:52 | Build | University |
| 25:54 | Build | Stable |
| 25:55 | Research | Tech None |
| 26:05 | Build | Stable |
| 26:08 | Queue | Scout Cavalry |
| 26:17 | Build | Stable |
| 26:28 | Build | Stable |
| 26:29 | Build | Stable |
| 26:31 | Queue | Scout Cavalry |
| 26:33 | Research | Tech None |
| 26:34 | Build | Archery Range |
| 26:37 | Build | House |
| 26:39 | Queue | Scout Cavalry |
| 26:39 | Build | House |
| 26:41 | Build | House |
| 26:45 | Build | Farm |
| 26:50 | Build | Barracks |
| 26:57 | Research | Tech None |
| 26:59 | Build | Barracks |
| 27:03 | Build | Farm |
| 27:05 | Build | House |
| 27:12 | Build | Farm |
| 27:13 | Queue | Knight |
| 27:15 | Queue | Knight |
| 27:15 | Build | Lumber Camp |
| 27:18 | Build | House |
Build order —
First 150 of 1374 actions detected
| 0:00 | Build | House |
| 0:03 | Build | House |
| 1:41 | Build | Lumber Camp |
| 3:44 | Build | Mill |
| 3:45 | Build | Lumber Camp |
| 3:46 | Build | House |
| 5:51 | Research | Tech None |
| 5:51 | Build | House |
| 6:43 | Build | Farm |
| 6:43 | Build | Farm |
| 6:44 | Build | Farm |
| 6:44 | Build | Farm |
| 6:45 | Build | Farm |
| 7:08 | Build | Farm |
| 7:35 | Build | Farm |
| 8:12 | Build | Mining Camp |
| 8:21 | Build | House |
| 9:23 | Research | Tech None |
| 9:31 | Build | Lumber Camp |
| 10:02 | Build | Lumber Camp |
| 10:03 | Build | Lumber Camp |
| 10:43 | Build | Lumber Camp |
| 10:44 | Build | Lumber Camp |
| 10:45 | Build | Lumber Camp |
| 10:46 | Build | Lumber Camp |
| 10:48 | Build | Lumber Camp |
| 10:49 | Build | Lumber Camp |
| 11:34 | Build | Lumber Camp |
| 11:46 | Build | Market |
| 11:47 | Research | Tech None |
| 11:47 | Build | Blacksmith |
| 11:48 | Research | Tech None |
| 11:48 | Build | House |
| 11:49 | Research | Tech None |
| 12:23 | Build | Farm |
| 12:24 | Build | Farm |
| 12:36 | Research | Tech None |
| 12:36 | Build | Farm |
| 15:17 | Research | Tech None |
| 15:17 | Build | Town Center |
| 15:18 | Research | Tech None |
| 15:18 | Build | Town Center |
| 15:19 | Build | House |
| 15:32 | Build | House |
| 15:50 | Build | House |
| 16:01 | Research | Tech None |
| 16:50 | Build | Monastery |
| 16:50 | Build | Monastery |
| 17:10 | Build | Farm |
| 17:17 | Build | Farm |
| 17:29 | Queue | Monk |
| 17:43 | Build | Farm |
| 18:00 | Build | Town Center |
| 18:06 | Build | Farm |
| 18:23 | Build | Farm |
| 18:33 | Build | Farm |
| 18:41 | Build | Farm |
| 18:50 | Build | Farm |
| 18:52 | Build | Farm |
| 18:58 | Build | House |
| 18:59 | Build | House |
| 19:08 | Build | Castle |
| 19:38 | Build | Farm |
| 19:41 | Research | Tech None |
| 19:43 | Build | Farm |
| 19:48 | Build | Farm |
| 20:04 | Build | Farm |
| 20:13 | Build | Farm |
| 20:16 | Build | Farm |
| 20:21 | Research | Tech None |
| 20:21 | Queue | Urumi Swordsman |
| 20:29 | Build | Farm |
| 20:34 | Build | Farm |
| 20:36 | Build | Farm |
| 20:54 | Build | Farm |
| 20:56 | Build | Farm |
| 20:59 | Queue | Urumi Swordsman |
| 21:04 | Build | Farm |
| 21:10 | Queue | Monk |
| 21:10 | Build | Farm |
| 21:12 | Build | Lumber Camp |
| 21:14 | Build | Mining Camp |
| 21:19 | Build | Farm |
| 21:20 | Queue | Urumi Swordsman |
| 21:29 | Build | Farm |
| 21:35 | Build | House |
| 21:37 | Build | House |
| 21:40 | Build | Farm |
| 21:47 | Queue | Urumi Swordsman |
| 21:55 | Research | Tech None |
| 21:55 | Build | Farm |
| 21:58 | Build | Barracks |
| 22:00 | Build | House |
| 22:05 | Build | Farm |
| 22:12 | Queue | Urumi Swordsman |
| 22:12 | Build | Barracks |
| 22:18 | Build | Mining Camp |
| 22:20 | Build | House |
| 22:21 | Build | Farm |
| 22:31 | Build | Farm |
| 22:33 | Build | Farm |
| 22:34 | Queue | Urumi Swordsman |
| 22:43 | Research | Tech None |
| 22:43 | Build | House |
| 22:44 | Build | Farm |
| 22:48 | Research | Tech None |
| 22:53 | Build | University |
| 22:56 | Build | Farm |
| 22:58 | Build | House |
| 22:59 | Queue | Urumi Swordsman |
| 23:03 | Build | University |
| 23:09 | Build | Farm |
| 23:12 | Queue | Monk |
| 23:12 | Build | Mill |
| 23:19 | Queue | Urumi Swordsman |
| 23:20 | Build | House |
| 23:25 | Build | Farm |
| 23:30 | Build | Farm |
| 23:32 | Build | Farm |
| 23:35 | Build | Farm |
| 23:38 | Build | House |
| 23:40 | Queue | Urumi Swordsman |
| 23:43 | Build | Lumber Camp |
| 23:48 | Build | Farm |
| 23:55 | Build | House |
| 23:56 | Research | Tech None |
| 24:00 | Build | Farm |
| 24:11 | Build | Farm |
| 24:13 | Build | House |
| 24:24 | Build | Farm |
| 24:31 | Build | House |
| 24:36 | Build | Farm |
| 24:52 | Research | Tech None |
| 24:52 | Build | Archery Range |
| 24:54 | Research | Tech None |
| 24:55 | Build | Mining Camp |
| 25:00 | Research | Tech None |
| 25:04 | Research | Tech None |
| 25:17 | Build | Lumber Camp |
| 25:36 | Build | Stable |
| 25:42 | Build | Stable |
| 25:47 | Build | House |
| 25:48 | Build | House |
| 25:54 | Build | Barracks |
| 26:03 | Build | Barracks |
| 26:08 | Build | Market |
| 26:13 | Build | House |
| 26:21 | Build | Barracks |
| 26:23 | Queue | Battle Elephant |
| 26:24 | Queue | Battle Elephant |
Build order —
First 150 of 433 actions detected
| 0:00 | Build | House |
| 0:03 | Build | House |
| 1:41 | Build | Lumber Camp |
| 3:46 | Build | House |
| 4:06 | Build | Mill |
| 4:10 | Research | Tech None |
| 4:42 | Research | Tech None |
| 4:55 | Build | Farm |
| 5:51 | Research | Tech None |
| 5:51 | Build | House |
| 5:57 | Build | Lumber Camp |
| 7:15 | Build | Mining Camp |
| 8:01 | Build | Lumber Camp |
| 8:02 | Build | Farm |
| 8:02 | Build | Farm |
| 8:03 | Build | Farm |
| 8:21 | Build | House |
| 9:30 | Build | Lumber Camp |
| 9:31 | Build | Lumber Camp |
| 9:33 | Build | Lumber Camp |
| 9:34 | Research | Tech None |
| 9:34 | Build | Lumber Camp |
| 9:36 | Build | Lumber Camp |
| 9:55 | Build | Lumber Camp |
| 9:56 | Build | Lumber Camp |
| 10:13 | Build | Farm |
| 10:14 | Build | Farm |
| 10:14 | Build | Farm |
| 10:53 | Build | Lumber Camp |
| 10:55 | Build | Lumber Camp |
| 11:44 | Research | Tech None |
| 11:46 | Build | Market |
| 12:25 | Build | Blacksmith |
| 12:36 | Build | House |
| 13:02 | Research | Tech None |
| 13:02 | Build | House |
| 13:16 | Build | Farm |
| 13:48 | Research | Tech None |
| 14:23 | Research | Tech None |
| 15:03 | Build | Farm |
| 15:04 | Build | Farm |
| 15:05 | Build | Farm |
| 15:07 | Build | Farm |
| 15:10 | Build | Farm |
| 15:42 | Research | Tech None |
| 15:43 | Build | Town Center |
| 16:10 | Build | Town Center |
| 16:13 | Build | House |
| 16:14 | Build | House |
| 16:26 | Build | Farm |
| 16:58 | Build | Monastery |
| 17:20 | Research | Tech None |
| 17:22 | Build | Barracks |
| 17:36 | Build | Farm |
| 17:42 | Queue | Monk |
| 17:50 | Build | Farm |
| 18:13 | Build | Farm |
| 18:20 | Queue | Spearman |
| 18:23 | Build | Stable |
| 18:36 | Build | Farm |
| 18:44 | Build | Farm |
| 19:03 | Build | Farm |
| 19:14 | Build | Archery Range |
| 19:27 | Build | House |
| 19:29 | Build | House |
| 19:54 | Queue | Skirmisher |
| 19:56 | Research | Tech None |
| 20:03 | Build | Farm |
| 20:06 | Build | Farm |
| 20:16 | Research | Tech None |
| 20:18 | Research | Tech None |
| 20:18 | Build | Farm |
| 20:19 | Queue | Skirmisher |
| 20:34 | Research | Tech None |
| 20:47 | Build | House |
| 20:51 | Build | Farm |
| 20:52 | Build | House |
| 20:56 | Build | Farm |
| 21:04 | Research | Tech None |
| 21:05 | Build | Farm |
| 21:10 | Build | Farm |
| 21:12 | Queue | Monk |
| 21:20 | Build | Farm |
| 21:27 | Build | Lumber Camp |
| 21:29 | Build | Farm |
| 21:32 | Build | Farm |
| 21:47 | Build | Farm |
| 21:50 | Build | Farm |
| 22:03 | Build | Farm |
| 22:05 | Build | House |
| 22:07 | Build | Farm |
| 22:08 | Build | House |
| 22:10 | Build | House |
| 22:13 | Build | Farm |
| 22:15 | Research | Tech None |
| 22:15 | Build | Farm |
| 22:26 | Build | Farm |
| 22:38 | Build | House |
| 22:44 | Build | Barracks |
| 22:49 | Build | House |
| 22:56 | Research | Tech None |
| 22:56 | Build | Farm |
| 22:59 | Build | Farm |
| 23:01 | Build | Farm |
| 23:04 | Queue | Monk |
| 23:06 | Build | Mill |
| 23:17 | Build | Farm |
| 23:20 | Build | House |
| 23:32 | Build | Barracks |
| 23:38 | Build | Farm |
| 23:45 | Build | Farm |
| 23:52 | Build | Barracks |
| 24:05 | Build | Farm |
| 24:11 | Build | Barracks |
| 24:18 | Build | Farm |
| 24:30 | Build | Siege Workshop |
| 24:34 | Build | House |
| 24:36 | Build | Farm |
| 24:41 | Build | House |
| 24:44 | Build | Farm |
| 24:49 | Build | Farm |
| 24:51 | Queue | Skirmisher |
| 24:55 | Build | Farm |
| 24:59 | Build | Mill |
| 25:07 | Build | Barracks |
| 25:13 | Build | Farm |
| 25:18 | Research | Tech None |
| 25:23 | Build | Farm |
| 25:25 | Build | Mining Camp |
| 25:33 | Build | Lumber Camp |
| 25:41 | Research | Tech None |
| 25:44 | Research | Tech None |
| 25:44 | Build | House |
| 25:55 | Build | Barracks |
| 26:12 | Build | House |
| 26:15 | Build | Stable |
| 26:21 | Build | Stable |
| 26:28 | Research | Tech None |
| 26:45 | Build | Market |
| 26:56 | Build | Stable |
| 27:05 | Research | Tech None |
| 27:21 | Queue | Knight |
| 27:23 | Research | Tech None |
| 27:23 | Research | Tech None |
| 27:23 | Research | Tech None |
| 27:23 | Queue | Knight |
| 27:23 | Build | University |
| 27:24 | Research | Tech None |
| 27:24 | Queue | Knight |
| 27:31 | Build | University |
Match timeline
| 10:40 | About 130 points · age_up feudal |
| 10:55 | 波瀾王 · age_up feudal |
| 11:00 | Patrick02e19 · age_up feudal |
| 11:23 | pLs aN F1 mE bRo · age_up feudal |
| 12:10 | Patrick02e19 · first_market_sell 100 wood |
| 12:26 | · first_market_sell 100 food |
| 12:55 | pLs aN F1 mE bRo · wall_segment Stone Wall x7 |
| 13:07 | pLs aN F1 mE bRo · wall_segment Stone Wall x16 |
| 13:57 | pLs aN F1 mE bRo · wall_segment Stone Wall x4 |
| 14:11 | About 130 points · age_up castle |
| 14:21 | · first_market_sell 100 food |
| 14:36 | 波瀾王 · age_up castle |
| 14:44 | pLs aN F1 mE bRo · wall_segment Stone Wall x20 |
| 14:47 | 波瀾王 · first_building Monastery |
| 14:51 | Patrick02e19 · age_up castle |
| 15:53 | pLs aN F1 mE bRo · wall_segment Stone Wall x5 |
| 16:13 | · first_market_buy 100 stone |
| 16:14 | · first_market_sell 100 food |
| 16:30 | pLs aN F1 mE bRo · wall_segment Stone Wall x16 |
| 16:40 | · first_market_sell 100 food |
| 16:46 | pLs aN F1 mE bRo · wall_segment Stone Wall x4 |
| 16:47 | pLs aN F1 mE bRo · wall_segment Stone Wall x1 |
| 16:48 | pLs aN F1 mE bRo · wall_segment Stone Wall x1 |
| 16:50 | · first_building Monastery |
| 16:58 | · first_building Monastery |
| 17:22 | pLs aN F1 mE bRo · wall_segment Stone Wall x5 |
| 17:22 | · first_building Barracks |
| 18:23 | · first_building Stable |
| 18:44 | pLs aN F1 mE bRo · wall_segment Stone Wall x1 |
| 18:45 | pLs aN F1 mE bRo · wall_segment Stone Wall x1 |
| 18:46 | pLs aN F1 mE bRo · wall_segment Stone Wall x1 |
| 18:52 | pLs aN F1 mE bRo · wall_segment Stone Wall x4 |
| 18:53 | pLs aN F1 mE bRo · wall_segment Stone Wall x1 |
| 18:54 | pLs aN F1 mE bRo · wall_segment Stone Wall x1 |
| 19:03 | · first_building Monastery |
| 19:08 | · first_building Castle |
| 19:11 | pLs aN F1 mE bRo · wall_segment Stone Wall x16 |
| 19:14 | · first_building Archery Range |
| 19:37 | pLs aN F1 mE bRo · wall_segment Stone Wall x6 |
| 20:09 | pLs aN F1 mE bRo · age_up castle |
| 20:18 | · first_building Monastery |
| 20:24 | · first_building Barracks |
| 20:44 | · first_building Siege Workshop |
| 20:52 | pLs aN F1 mE bRo · wall_segment Stone Wall x15 |
| 20:56 | pLs aN F1 mE bRo · wall_segment Stone Wall x9 |
| 21:19 | pLs aN F1 mE bRo · wall_segment Stone Wall x9 |
| 21:39 | · first_building Siege Workshop |
| 21:46 | pLs aN F1 mE bRo · wall_segment Stone Wall x30 |
| 21:58 | · first_building Barracks |
| 22:03 | · first_building Stable |
| 22:28 | pLs aN F1 mE bRo · wall_segment Stone Wall x15 |
| 22:43 | · first_building Barracks |
| 22:54 | pLs aN F1 mE bRo · first_building Monastery |
| 23:45 | Patrick02e19 · first_building Monastery |
| 24:13 | pLs aN F1 mE bRo · wall_segment Stone Wall x15 |
| 24:30 | · first_building Siege Workshop |
| 24:30 | Patrick02e19 · first_building Barracks |
| 24:34 | pLs aN F1 mE bRo · first_market_sell 100 food |
| 24:46 | · first_building Stable |
| 24:52 | · first_building Archery Range |
| 24:53 | pLs aN F1 mE bRo · wall_segment Stone Wall x33 |
| 25:11 | About 130 points · first_building Siege Workshop |
| 25:23 | · first_market_buy 100 wood |
| 25:25 | Patrick02e19 · first_building Stable |
| 25:36 | · first_building Stable |
| 26:03 | About 130 points · first_building Barracks |
| 26:13 | 波瀾王 · first_building Barracks |
| 26:34 | · first_building Archery Range |
| 26:35 | About 130 points · first_market_sell 100 wood |
| 26:36 | Patrick02e19 · first_building Castle |
| 26:52 | pLs aN F1 mE bRo · age_up imperial |
| 26:53 | Patrick02e19 · first_building Archery Range |
| 27:26 | About 130 points · first_building Castle |
| 27:27 | · first_building Castle |
| 27:29 | Patrick02e19 · age_up imperial |
| 27:32 | 波瀾王 · first_building Archery Range |
| 27:41 | · first_building Siege Workshop |
| 27:57 | · first_building Castle |
| 28:24 | pLs aN F1 mE bRo · wall_segment Stone Wall x29 |
| 28:56 | · first_building Archery Range |
| 29:11 | · first_building Castle |
| 29:46 | 波瀾王 · age_up imperial |
| 29:50 | About 130 points · age_up imperial |
| 29:54 | pLs aN F1 mE bRo · wall_segment Stone Wall x15 |
| 30:08 | 波瀾王 · first_building Stable |
| 30:11 | Patrick02e19 · wall_segment Stone Wall x5 |
| 30:14 | About 130 points · first_market_buy 100 food |
| 30:31 | pLs aN F1 mE bRo · wall_segment Stone Wall x24 |
| 30:54 | pLs aN F1 mE bRo · wall_segment Stone Wall x10 |
| 31:10 | Patrick02e19 · wall_segment Stone Wall x6 |
| 31:19 | 波瀾王 · first_market_sell 100 wood |
| 31:53 | pLs aN F1 mE bRo · wall_segment Stone Wall x18 |
| 32:08 | 波瀾王 · first_building Castle |
| 32:57 | Patrick02e19 · wall_segment Stone Wall x1 |
| 33:15 | pLs aN F1 mE bRo · first_building Castle |
| 34:03 | Patrick02e19 · first_building Siege Workshop |
| 34:30 | · first_market_buy 100 food |
| 35:54 | pLs aN F1 mE bRo · first_building Barracks |
| 36:36 | · first_market_buy 100 food |
| 42:19 | pLs aN F1 mE bRo · wall_segment Stone Wall x1 |
| 42:34 | 波瀾王 · first_building Siege Workshop |
| 44:42 | pLs aN F1 mE bRo · first_market_buy 500 food |
| 45:59 | pLs aN F1 mE bRo · first_building Stable |
| 52:01 | · resign |
[ AI ANALYSIS · 1 CREDIT ]
What really happened in this match?
Wolo.gg analyzes every decision: build order, eco, micro, common mistakes by bracket. Personalized analysis on WhatsApp or Discord in 30 seconds.
Civ guide
Berbers
Perfil
Jugador #2800655